 Dungeon Crawl Stone Soup version 0.17.2-1-ge4368a0 (webtiles) character file.

67 Goblin1989 the Slasher (level 4, 0/33 HPs)
             Began as a Vampire Gladiator on Jan 2, 2017.
             Slain by an orc wizard
             ... wielding a +0 dagger
              (1 damage)
             ... on level 3 of the Dungeon.
             The game lasted 00:04:47 (2338 turns).

Goblin1989 the Slasher (Vampire Gladiator)          Turns: 2338, Time: 00:04:47

Health: 0/33       AC:  6    Str: 14 (15) XL:     4   Next: 0%
Magic:  4/4        EV: 13    Int: 10      God:
Gold:   152        SH:  0    Dex: 14      Spells: 0 memorised, 3 levels left

rFire  . . .     SeeInvis +     a - +0 long sword
rCold  . . .     Clarity  .     b - +0 leather armour
rNeg   + . .     SustAt   .     (no shield)
rPois  .         Gourm    .     c - +0 helmet
rElec  .         Spirit   .     (no cloak)
rCorr  .         Warding  .     j - +1 pair of gloves
rMut   .         Stasis   .     (no boots)
MR     .....                    (no amulet)
Stlth  +.........               (no ring)
                                (no ring)

@: lethally poisoned (0 -> -2), slowed, very slow, not resistant to hostile
enchantments, very unstealthy
A: fangs 3, see invisible, unbreathing
a: Bat Form


You were on level 3 of the Dungeon.
You were not thirsty.

You visited 1 branch of the dungeon, and saw 3 of its levels.

You collected 152 gold pieces.

Inventory:

Hand Weapons
 a - a +0 long sword (weapon)
Missiles
 Z - 3 throwing nets {=f, !d}
Armour
 b - a +0 leather armour (worn)
 c - a +0 helmet (worn)
 j - a +1 pair of gloves (worn)
Jewellery
 h - a +5 ring of evasion {unknown}
Scrolls
 d - 4 scrolls of identify {unknown}
 g - 2 scrolls of teleportation {unknown}
 i - a scroll of remove curse {unknown}
 k - a scroll of fear {unknown}
 m - a scroll of blinking {unknown}
 o - a scroll of noise {unknown}
Potions
 e - a potion of degeneration {!q}
 f - a potion of agility {unknown}
 l - a potion of curing {unknown}
 n - a potion of poison {unknown}
 q - 5 potions of blood


   Skills:
 - Level 1.7 Fighting
 + Level 4.9 Long Blades
 - Level 1.5 Throwing
 - Level 3.2 Dodging


You had 3 spell levels left.
You didn't know any spells.

Dungeon Overview and Level Annotations

Branches:
Dungeon (3/15)

Altars:
Dithmenos


Innate Abilities, Weirdness & Mutations

You have razor-sharp teeth.
You have supernaturally acute eyesight.
You can survive without breathing.


Message History

The orc wizard points at you and mumbles some strange words.
The magic dart hits you!
The orc wizard mumbles some strange words.
The orc wizard seems to speed up.
You take 1 damage, and have 6/33 hp.
The orc wizard hits you with a dagger.
* * * LOW HITPOINT WARNING * * *
You take 2 damage, and have 5/33 hp.
You feel sick.
The orc wizard mumbles some strange words.
The orc wizard seems to speed up.
The orc wizard closely misses you. The orc wizard hits you with a dagger.
* * * LOW HITPOINT WARNING * * *
You take 4 damage, and have 1/33 hp.
Drink which item? (? for menu, Esc to quit)
It was a potion of degeneration.
There was something very wrong with that liquid.
You feel weakened. The orc wizard hits you with a dagger.
You die...

███ █..
█████..██
........█ ..
█....███.███
.███...<......█
........███.█..
████.██..██.█ █
███@...█
█...oo██
█...███..█
█.....██
██.████ ...██.█
█.o).█ .. ...


████<█ ██.. ... ██ ...█ ██.<. You could see 2 orc wizards and an orc.

Vanquished Creatures
  3 adders (D:2)
  2 worms (D:2)
  2 orcs (D:3)
  2 giant cockroaches
  2 hobgoblins (D:1)
  5 kobolds
  A quokka (D:2)
  5 bats
  A giant gecko (D:2)
  A giant newt (D:1)
  3 goblins
  6 jackals (D:2)
  7 rats
40 creatures vanquished.

Notes
Turn   | Place    | Note
--------------------------------------------------------------
     0 | D:1      | Goblin1989 the Vampire Gladiator began the quest for the Orb.
     0 | D:1      | Reached XP level 1. HP: 16/16 MP: 1/1
   516 | D:1      | Reached XP level 2. HP: 20/22 MP: 2/2
  1096 | D:2      | Reached skill level 4 in Long Blades
  1328 | D:2      | Reached XP level 3. HP: 27/27 MP: 3/3
  1341 | D:2      | Found a shadowy altar of Dithmenos.
  2333 | D:3      | Reached XP level 4. HP: 8/33 MP: 4/4
  2337 | D:3      | HP: 1/33 [orc wizard/dagger (3)]
  2338 | D:3      | Slain by an orc wizard

Action                   |  1- 3 |  4- 6 || total
-------------------------+-------+-------++-------
Melee: Long sword        |   155 |       ||   155
  Use: Potion            |     3 |     1 ||     4
 Stab: Sleeping          |     1 |       ||     1

Vault maps used:
D:1:      saegor_arrival_simple_f, minivault_25
D:2:      grunt_dithmenos_smoke_and_mirrors, first_bread, minmay_misc_feat_rows
D:3:      lemuel_tele_altar, uniq_natasha
